 Dungeon Crawl Stone Soup version 0.17.0-27-g4a3f43e (webtiles) character file.

533 septik the Cudgeler (level 7, -9/52 HPs)
             Began as a Formicid Fighter on Nov 21, 2015.
             Was an Initiate of Okawaru.
             Mangled by an ogre
             ... wielding a +0 giant club
              (19 damage)
             ... on level 4 of the Dungeon.
             The game lasted 00:06:55 (2890 turns).

septik the Cudgeler (Formicid Fighter)              Turns: 2890, Time: 00:06:55

Health: -9/52      AC: 11    Str: 22    XL:     7   Next: 49%
Magic:  7/7        EV:  8    Int:  8    God:    Okawaru [......]
Gold:   215        SH:  9    Dex: 10    Spells: 0 memorised, 6 levels left

rFire  . . .     SeeInvis +     a - +1 flail
rCold  . . .     Clarity  +     b - +0 scale mail
rNeg   . . .     SustAt   .     c - +0 shield
rPois  .         Gourm    .     (helmet unavailable)
rElec  .         Spirit   .     r - +0 cloak
rCorr  .         Warding  .     (no gloves)
rMut   .         Stasis   +     B - +2 pair of boots
MR     .....                    f - amulet of clarity
Stlth  ..........               s - ring of invisibility
                                k - ring of invisibility

@: not resistant to hostile enchantments, extremely unstealthy
A: permanent stasis, dig shafts and tunnels, four strong arms, antennae 3
a: Dig, Shaft Self, Renounce Religion, Evoke Invisibility


You were on level 4 of the Dungeon.
You worshipped Okawaru.
Okawaru was noncommittal.
You were hungry.

You visited 1 branch of the dungeon, and saw 4 of its levels.

You collected 215 gold pieces.

Inventory:

Hand Weapons
 a - a +1 flail (weapon)
Armour
 b - a +0 scale mail (worn)
 c - a +0 shield (worn)
 r - a +0 cloak (worn)
 B - a +2 pair of boots (worn)
Jewellery
 f - an amulet of clarity (around neck)
 k - a ring of invisibility (left hand)
 s - a ring of invisibility (right hand)
 u - an uncursed amulet of resist corrosion
 w - an uncursed amulet of warding
 A - an uncursed amulet of warding
Scrolls
 g - 3 scrolls of identify
 h - a scroll of fear
 j - 3 scrolls of teleportation
 y - a scroll of fog
Potions
 d - a potion of might
 m - a potion of magic {unknown}
 n - 3 potions of curing
 o - a potion of flight
 x - a potion of heal wounds {unknown}
Comestibles
 e - 3 bread rations
 i - a meat ration
 l - 5 chunks of flesh
 p - 3 fruits
 q - 2 slices of pizza
 t - a beef jerky


   Skills:
 - Level 3.2 Fighting
 + Level 7.7 Maces & Flails
 - Level 3.2 Armour
 - Level 3.6 Shields


You had 6 spell levels left.
You didn't know any spells.

Dungeon Overview and Level Annotations

Branches:
Dungeon (4/15)
 Temple: D:4-7

Altars:
Ashenzari
Nemelex Xobeh
Okawaru
Qazlal
Yredelemnul


Innate Abilities, Weirdness & Mutations

You are under a permanent stasis effect.
You can dig through walls and to a lower floor.
Your four strong arms can wield two-handed weapons with a shield.
You have a pair of large antennae on your head (SInv).


Message History

You block the ogre's attack.
There is an open door here.
There is an open door here.
You open the door.
Found a potion of flight.
There is an open door here.
You hit the ogre.
The ogre is lightly wounded.
The ogre hits you with a giant club.
You sock the ogre!
The ogre is moderately wounded.
You block the ogre's attack.
You barely miss the ogre.
The ogre is moderately wounded.
The ogre hits you with a giant club!
* * * LOW HITPOINT WARNING * * *
You closely miss the ogre.
The ogre is moderately wounded.
The ogre hits you with a giant club!!
You die...

#.##.###.#..##.#
#### #
##.....#..##.# ##...
#......#..##+####
#....
+......#.........
#....
#.....##l........
#....
#.....##.........
#..).
+.....+...####+##
#.... #.....##.##
#.... #...!.@Ol#
####. #.....#### ##
#..... ### ####..
###########.# #..
#...........## #.#
#.#######..... #.
#.# #..... #. #.#
#.....
#######.#######.....


You could see an ogre and a giant newt.

Vanquished Creatures
  Sigmund (D:3)
  An ogre (D:4)
  An orc priest (D:3)
  Crazy Yiuf (D:2)
  Ijyb (D:3)
  A giant frog skeleton (D:4)
  A hound (D:4)
  An orc wizard (D:3)
  An iguana (D:4)
  3 adders
  2 oozes
  2 worms
  2 giant geckos (D:3)
  5 orcs
  8 bats
  4 goblins
  2 hobgoblins
  A quokka (D:2)
  3 ball pythons
  A giant cockroach (D:3)
  A giant gecko skeleton (D:4)
  5 giant newts
  A jackal skeleton (D:4)
  3 kobolds
  4 rats
56 creatures vanquished.

Vanquished Creatures (others)
  A bat (D:1)
1 creature vanquished.

Grand Total: 57 creatures vanquished

Notes
Turn   | Place    | Note
--------------------------------------------------------------
     0 | D:1      | septik the Formicid Fighter began the quest for the Orb.
     0 | D:1      | Reached XP level 1. HP: 18/18 MP: 1/1
   219 | D:1      | Reached XP level 2. HP: 21/24 MP: 2/2
   995 | D:2      | Reached XP level 3. HP: 29/29 MP: 3/3
  1276 | D:2      | Noticed Crazy Yiuf
  1284 | D:2      | Killed Crazy Yiuf
  1284 | D:2      | Reached skill level 4 in Maces & Flails
  1284 | D:2      | Reached XP level 4. HP: 31/35 MP: 4/4
  1849 | D:3      | Noticed Sigmund
  1866 | D:3      | Killed Sigmund
  1866 | D:3      | Reached skill level 6 in Maces & Flails
  1866 | D:3      | Reached XP level 5. HP: 19/41 MP: 5/5
  1866 | D:3      | Reached XP level 6. HP: 21/47 MP: 6/6
  1954 | D:3      | Noticed Ijyb
  1978 | D:3      | Killed Ijyb
  2494 | D:3      | Found an iron altar of Okawaru.
  2501 | D:3      | Became a worshipper of Warmaster Okawaru
  2676 | D:4      | Reached skill level 7 in Maces & Flails
  2676 | D:4      | Reached XP level 7. HP: 47/52 MP: 7/7
  2691 | D:4      | Found a stormy altar of Qazlal.
  2695 | D:4      | Found a shattered altar of Ashenzari.
  2697 | D:4      | Found a basalt altar of Yredelemnul.
  2698 | D:4      | Found a sparkling altar of Nemelex Xobeh.
  2890 | D:4      | Mangled by an ogre

Action                   |  1- 3 |  4- 6 |  7- 9 || total
-------------------------+-------+-------+-------++-------
Melee: Flail             |    83 |   131 |    28 ||   242
  Use: Potion            |       |     2 |       ||     2
       Scroll            |       |       |     9 ||     9
  Eat: Chunk             |     1 |     5 |       ||     6
